Map: Winter's Gate LE

Players

goblin

  • Race: Protoss Protoss
  • Spawn Location: 5:00

Serral - Winner!

  • Race: Zerg Zerg
  • League: Master
  • Spawn Location: 11:00

Event: NationWars 2019

VOD

Have the link to the VOD?

Description

Time

  • Played on: Nov. 14, 2019, 3:01 p.m.
  • Length: 8:23

All games in this series

Show
View Real Time Build Order
Export as new Build Order

goblin Protoss 

Build Orders: 1 Gate Expand, Phoenix Opening, Mass Phoenix 

Get SALT Encoding   

  12  0:00  Probe  
  13  0:12  Probe  
  14  0:18  Pylon  
  14  0:24  Probe (Chrono Boost)  
  15  0:37  Probe (Chrono Boost)  
  15  0:41  Gateway  
  16  0:45  Probe (Chrono Boost)  
  16  0:47  Assimilator  
  17  0:51  Probe  
  18  1:03  Probe  
  19  1:15  Probe  
  20  1:27  Probe  
  20  1:28  Nexus  
  21  1:36  Cybernetics Core  
  21  1:40  Probe  
  21  1:44  Assimilator  
  22  1:52  Pylon  
  22  1:55  Probe  
  23  2:10  Stalker (Chrono Boost), Probe (Chrono Boost)  
  26  2:19  Probe (Chrono Boost)  
  27  2:24  Probe (Chrono Boost)  
  28  2:30  Stargate  
  29  2:37  Adept  
  29  2:40  Probe x2 (Chrono Boost)  
  29  2:41  Warp Gate  
  32  2:49  Probe (Chrono Boost)  
  34  2:51  Probe (Chrono Boost)  
  34  2:54  Probe (Chrono Boost)  
  35  3:00  Probe  
  36  3:06  Probe  
  36  3:11  Gateway  
  37  3:12  Phoenix (Chrono Boost)  
  37  3:13  Probe  
  37  3:15  Pylon  
  37  3:18  Probe  
  41  3:25  Probe  
  42  3:28  Phoenix, Assimilator  
  42  3:30  Assimilator  
  44  3:38  Probe x2  
  46  3:42  Pylon  
  46  3:50  Probe  
  46  3:52  Phoenix (Chrono Boost), Probe  
  50  4:02  Probe  
  51  4:04  Probe  
  51  4:08  Stargate  
  52  4:10  Phoenix  
  52  4:14  Probe  
  52  4:16  Pylon, Probe  
  56  4:26  Probe  
  56  4:28  Probe  
  58  4:35  Phoenix (Chrono Boost), Pylon  
  60  4:42  Protoss Air Weapons Level 1, Twilight Council  
  60  4:57  Phoenix (Chrono Boost)  
  60  4:58  Phoenix (Chrono Boost)  
  64  5:01  Gateway  
  64  5:02  Gateway  
  64  5:04  Adept, Zealot  
  68  5:08  Pylon  
  68  5:10  Pylon  
  68  5:16  Phoenix  
  68  5:20  Charge  
  70  5:38  Phoenix  
  70  5:41  Nexus  
  72  5:44  Pylon  
  72  5:46  Gateway x2  
  72  5:49  Gateway  
  72  6:02  Gateway  
  72  6:04  Zealot x3  
  74  6:07  Probe  
  74  6:10  Pylon  
  80  6:14  Phoenix (Chrono Boost)  
  80  6:17  Phoenix (Chrono Boost)  
  83  6:30  Zealot x3  
  83  6:31  Zealot  
  91  6:35  Pylon  
  91  6:45  Zealot x2  
  91  6:46  Zealot  
  97  6:55  Zealot  
  97  6:56  Zealot x3  
  105  7:10  Zealot x2  
  105  7:13  Zealot x4  
  117  7:20  Zealot x2  
  117  7:35  Zealot x4  
  109  7:42  Zealot  
  109  7:43  Zealot x2  
  75  7:51  Sentry  
  75  7:59  Sentry x2  
  75  8:00  Sentry x2  
  75  8:04  Sentry x3  
Show
View Real Time Build Order
Export as new Build Order

Serral Zerg - Winner!

Build Orders: Hatch First 

Get SALT Encoding   

  12  0:01  Drone  
  13  0:13  Overlord  
  13  0:17  Drone  
  14  0:31  Drone x2  
  16  0:48  Hatchery  
  15  0:52  Drone  
  15  0:55  Drone  
  17  0:59  Drone  
  18  1:09  Extractor  
  17  1:14  Spawning Pool  
  17  1:16  Drone  
  17  1:20  Drone  
  18  1:29  Drone  
  19  1:39  Drone  
  20  1:50  Overlord  
  20  2:00  Queen x2  
  20  2:01  Zergling x4  
  26  2:11  Drone  
  26  2:12  Drone  
  30  2:22  Drone x2  
  30  2:33  Hatchery  
  30  2:34  Drone  
  30  2:35  Drone  
  31  2:39  Pneumatized Carapace  
  31  2:45  Queen  
  31  2:51  Overlord  
  33  2:54  Drone  
  33  2:56  Drone  
  33  2:57  Drone  
  36  3:01  Metabolic Boost  
  36  3:09  Drone x3  
  36  3:11  Drone  
  40  3:15  Overlord  
  40  3:20  Drone x2  
  40  3:24  Queen  
  44  3:34  Overlord  
  44  3:35  Drone  
  44  3:39  Spore Crawler  
  44  3:41  Drone  
  44  3:43  Drone x3  
  44  3:46  Overlord  
  48  3:51  Queen  
  52  3:58  Drone x2  
  54  4:07  Drone x4  
  54  4:09  Queen  
  56  4:10  Overlord  
  56  4:13  Spore Crawler  
  56  4:15  Zergling x2  
  58  4:25  Overlord  
  58  4:30  Overlord  
  58  4:31  Drone x5  
  63  4:32  Roach Warren  
  63  4:35  Drone  
  63  4:36  Drone x3  
  66  4:41  Extractor  
  66  4:42  Lair, Extractor  
  66  4:43  Drone  
  66  4:44  Drone  
  66  4:50  Overlord  
  66  4:51  Drone  
  67  4:57  Queen x2  
  71  5:02  Spore Crawler, Drone x3  
  71  5:03  Drone  
  74  5:07  Spore Crawler  
  74  5:11  Overlord  
  74  5:12  Drone x4  
  77  5:16  Drone x2  
  77  5:17  Spore Crawler  
  77  5:22  Overlord  
  77  5:24  Overlord x2  
  77  5:29  Overlord  
  77  5:31  Overlord  
  77  5:36  Queen x2  
  77  5:41  Roach x2, Extractor  
  77  5:42  Roach  
  86  5:46  Roach x2  
  86  5:49  Queen  
  92  5:56  Spore Crawler  
  91  5:59  Roach x5  
  101  6:08  Nydus Network  
  101  6:09  Roach x3  
  106  6:16  Queen x2  
  110  6:20  Glial Reconstitution  
  110  6:21  Overlord  
  110  6:26  Queen  
  110  6:32  Drone x3  
  115  6:41  Roach x4  
  115  6:42  Roach  
  125  6:47  Nydus Canal  
  125  6:51  Queen x2  
  129  6:55  Overlord x2  
  129  6:56  Overlord x2  
  129  6:57  Overseer  
  129  7:01  Overlord  
  129  7:09  Spore Crawler  
  129  7:11  Spore Crawler  
  129  7:13  Queen  
  129  7:14  Spore Crawler  
  128  7:16  Roach x2  
  128  7:20  Nydus Canal  
  128  7:21  Roach x2  
  136  7:27  Queen x2  
  134  7:38  Roach x4  
  134  7:42  Roach x5  
  142  7:44  Roach x2  
  142  7:49  Nydus Canal  
  134  7:52  Roach  
  134  7:55  Roach  
  134  7:56  Roach  
  148  8:13  Nydus Canal  
Tags
 
Add a new tag
Caveats
  • Supply blocks, unpowered buildings, or Contaminate may cause inaccurate times.
  • Supply counts are checked every 10 seconds.